 Dungeon Crawl Stone Soup version 0.31-a0-986-g5e6e4ef867 (webtiles) character file.

Game seed: 4149971705979631493

98900 avis the Spry (level 15, -13/93 HPs)
             Began as a Felid Artificer on Nov 12, 2023.
             Was an Initiate of Gozag.
             Killed by an exploding themself (29 damage)
             ... ignited by their inner flame
             ... on level 2 of the Spider Nest.
             The game lasted 03:39:32 (32715 turns).

avis the Spry (Felid Artificer)                    Turns: 32715, Time: 03:39:33

Health: -13/93     AC: 17    Str: 16      XL:     15   Next: 76%
Magic:  14/25      EV: 34    Int: 13 (14) God:    Gozag
Gold:   2023       SH:  0    Dex: 21      Spells: 6/27 levels left
                                        Lives:  0   Deaths: 5

rFire   . .          .
                       - Unarmed
rCold   . . .        (shield unavailable)
rNeg    + . .        (body armour unavailable)
rPois   ∞            (helmet unavailable)
rElec   +            (cloak unavailable)
rCorr   .            (gloves unavailable)
SInv    +            (boots unavailable)
Will    ++...        L - amulet of magic regeneration
Stlth   ++           B - +6 ring of strength
HPRegen 0.35/turn    m - ring of wizardry
MPRegen 0.59/turn

%: wizardry (x1)
@: statue-form, corroded, hasted and slowed, studying Summonings, very slow
A: slow and powerful, torment resistance 1, boosted hp, very small, claws 1,
fangs 3, see invisible, (speed 1), (shaggy fur 3), stealthy paws, no weapons or
thrown items, no armour, multi-lived
a: Begin Untransformation, Renounce Religion, Potion Petition, Call Merchant,
Bribe Branch


You were on level 2 of the Spider Nest.
You worshipped Gozag.
Gozag was most pleased with you.
You were a living statue of rough stone.
You visited 4 branches of the dungeon, and saw 21 of its levels.
You also visited: Ossuary.

You collected 7198 gold pieces.
You spent 3972 gold pieces at shops.
You paid 1203 gold pieces to Gozag.

Inventory:

Jewellery
 c - an amulet of regeneration
 d - a ring of protection from cold
 i - a ring of flight
 m - a ring of wizardry (right paw)
 p - a ring of poison resistance
 B - a +6 ring of strength (left paw)
 I - a ring of protection from fire
 L - an amulet of magic regeneration (around neck)
Talismans
 G - a granite talisman (active)
Wands
 a - a wand of polymorph (25) (quivered)
 b - a wand of charming (9)
 s - a wand of iceblast (20)
 x - a wand of mindburst (12)
 A - a wand of flame (29)
 C - a wand of paralysis (11)
Scrolls
 e - 6 scrolls of fog
 f - a scroll of butterflies
 o - 17 scrolls of teleportation
 u - 3 scrolls of revelation
 z - 3 scrolls of silence
 E - a scroll of fear
 Q - 2 scrolls of poison
Potions
 g - a potion of resistance
 h - a potion of mutation
 l - 2 potions of might
 n - 4 potions of berserk rage
 q - 2 potions of brilliance
 t - 5 potions of curing
 F - 5 potions of enlightenment
 R - a potion of haste
Miscellaneous
 j - a phial of floods
 O - a condenser vane (inert)


   Skills:
 - Level 12.0 Fighting
 - Level 18.0 Dodging
 - Level 2.0 Stealth
 + Level 8.1 Unarmed Combat
 * Level 6.5 Spellcasting
 - Level 3.0 Hexes
 + Level 7.1 Summonings
 + Level 5.0 Translocations
 - Level 3.0 Air Magic
 - Level 3.2 Evocations
 - Level 18.0 Shapeshifting


You had 6 spell levels left.
You knew the following spells:

 Your Spells              Type           Power      Damage    Failure   Level
b - Blink                 Tloc           34%        N/A       1%          2
d - Call Canine Familiar  Summ           22%        N/A       1%          3
g - Summon Guardian Gole  Hex/Summ       17%        N/A       2%          3
l - Summon Lightning Spi  Summ/Air       17%        N/A       9%          4
m - Manifold Assault      Tloc           17%        N/A       9%          4
v - Summon Mana Viper     Hex/Summ       17%        N/A       22%         5

Your spell library contained the following spells:

 Spells                   Type           Power      Damage    Failure   Level
 Summon Small Mammal      Summ           88%        N/A       1%          1
 Lesser Beckoning         Tloc           34%        N/A       1%          2
 Jinxbite                 Hex            24%        N/A       2%          2
 Gell's Gravitas          Tloc           17%        N/A       2%          3
 Teleport Other           Tloc           17%        N/A       2%          3
 Ensorcelled Hibernation  Hex/Ice        16%        N/A       5%          2
 Poisonous Vapours        Pois/Air       16%        N/A       5%          2
 Static Discharge         Conj/Air       16%        3-4/arc   5%          2
 Necrotise                Necr           16%        1d4       6%          1
 Sting                    Tmut/Pois      16%        1d3       6%          1
 Swiftness                Air            12%        N/A       6%          3
 Passwall                 Tmut/Erth      3%         N/A       10%         2
 Wereblood                Tmut           4%         N/A       10%         2
 Dazzling Flash           Conj/Hex       16%        N/A       11%         3
 Inner Flame              Hex/Fire       8%         N/A       11%         3
 Vampiric Draining        Necr           4%         2d6       19%         3
 Airstrike                Air            6%         2d(1-17)  19%         4
 Anguish                  Hex/Necr       4%         N/A       32%         4
 Brom's Barrelling Bould  Conj/Erth      4%         2d3       52%         4
 Flame Wave               Conj/Fire      4%         2d5       52%         4
 Olgreb's Toxic Radiance  Pois           4%         N/A       52%         4
 Sticky Flame             Conj/Fire      4%         2d3       52%         4
 Dispersal                Tloc           8%         N/A       73%         6
 Agony                    Necr           4%         N/A       85%         5
 Borgnjor's Vile Clutch   Necr/Erth      2%         N/A       85%         5
 Fireball                 Conj/Fire      2%         3d4       85%         5
 Irradiate                Conj/Tmut      2%         3d12      85%         5
 Iskenderun's Battlesphe  Conj           4%         2d6       85%         5
 Conjure Ball Lightning   Conj/Air       4%         3x3d6     99%         6
 Death Channel            Necr           2%         N/A       100%        6
 Eringya's Noxious Bog    Tmut/Pois      2%         4d6       100%        6
 Orb of Destruction       Conj           2%         9d5       100%        7
 Animate Dead             Necr           Unusable   N/A       N/A         4

Dungeon Overview and Level Annotations

Branches:
Dungeon (13/15)            Temple (1/1) D:6            Lair (5/5) D:10
 Shoals (0/4) Lair:2       Spider (2/4) Lair:3        Slime (0/5) Lair:4
    Orc (0/2) D:9          Vaults (0/5) D:13        Ossuary (visited)

Altars:
Ashenzari
Cheibriados
Dithmenos
Elyvilon
Fedhas
Gozag
Hepliaklqana
Kikubaaqudgha
Makhleb
Nemelex Xobeh
Okawaru
Qazlal
Ru
Sif Muna
Trog
Uskayaw
Vehumet
Wu Jian
Xom
Yredelemnul
Zin
The Shining One
Jiyva

Shops:
D:3 *???[   D:7 *   D:10 !   D:11 *(   Lair:1 =   Lair:5 :

Annotations:
Spider:2 Mlioglotl


Innate Abilities, Weirdness & Mutations

You are a living statue of rough stone.
Your actions are slow, but your melee attacks are powerful.
You are resistant to unholy torment.
Your maximum health is greatly increased.
You are immune to poison.
You have sharp claws.
You have razor-sharp teeth.
You have supernaturally acute eyesight. (SInv)
((You cover ground quickly. (Speed+)))
((Your thick and shaggy fur keeps you warm. (AC +3, rC+)))
Your paws help you pounce on unaware monsters.
You are incapable of wielding weapons or throwing items.
You cannot wear armour.
You gain extra lives every three experience levels.


Message History

Mlioglotl churns violently!
Mlioglotl corrupts the dungeon around him!
The small abomination completely misses you.
You swap places.
Mlioglotl no longer looks unusually strong.
Mlioglotl churns violently!
Mlioglotl seems to grow stronger.
The small abomination closely misses your mana viper.
Your mana viper bites Mlioglotl but does no damage.
A starcursed mass splits.
A chorus of shrieks assaults your mind.
* * * LOW HITPOINT WARNING * * *
You swap places.
Your mana viper bites Mlioglotl!!
Mlioglotl hits your mana viper! Mlioglotl tramples your mana viper!
Your mana viper holds its ground!
Your mana viper bites Mlioglotl!
Mlioglotl churns violently!
Mlioglotl radiates an aura of fear!
You are unaffected.
Your mana viper resists with almost no effort.
What are your orders? t - Meow!
Orders for allies: a - Attack new target. r - Retreat! s - Stop attacking. g - Guard the area. f - Follow me.
Anything else - Cancel.
Gang up on whom?
Press: ? - help, Dir - move target, f - Mlioglotl
Aim: Mlioglotl (severely wounded, strong, not watching you, ally target) Attack!
A starcursed mass splits.
Mlioglotl misses your mana viper. Mlioglotl tramples your mana viper!!
Your mana viper holds its ground!
Your mana viper barely misses Mlioglotl.
Your guardian golem overheats!
Mlioglotl hits your mana viper!! Flame seeps out of your guardian golem.
Mlioglotl tramples your mana viper!!
Your mana viper holds its ground!
Your mana viper dies!
Your mana viper disappears in a puff of smoke!
Your guardian golem disappears in a puff of smoke!
Your guardian golem explodes!
The fiery explosion engulfs you!!
You die...
Your body crumbles into a pile of gold.

~#.... ## #.............#
~^.... .# ##............#
≈~~~.. .# ##^..........##
~.~..##.# ##...........##
##.......##
#.........^..##
#≈.#..$...#
##............#####
....##....##
#..#.......##....<
...........#
###........####....
##$..^.....####○8........#
#....
#...#.X...4##X§###......##
#.... .........XsXx###
##...^.# #....
#...s....5ww## #######
#.... #..4.4...XX.## ##...
##...s.#XX...## ##^.
#.#..........# ##### #..
###......X....# #...## ##.
#.......#..#..## ##^...##
#.


You could see a starcursed mass (summoned), Mlioglotl (strong, unaware), a
steelbarb worm, a torpor snail, a demonic crawler, a thrashing horror
(summoned), a small abomination (summoned) and a white imp (summoned).

Vanquished Creatures
  Rupert (Lair:4)
  A ghost moth (Spider:2)
  Azrael (D:12)
  An entropy weaver (Lair:3)
  A fire dragon (Lair:5)
  2 hydras
  A vault guard (D:13)
  An ice dragon (Lair:5)
  A centaur warrior (D:13)
  2 catoblepae
  A boulder beetle (D:12)
  A jorogumo (Spider:2)
  Erica (D:8)
  A dancing weapon (D:13)
  2 two-headed ogres
  14 death yaks
  7 demonic crawlers
  Sonja (Lair:2)
  A skyshark (Lair:4)
  3 pharaoh ants
  A nameless horror (Spider:1)
  6 skeletal warriors
  A steelbarb worm (Spider:2)
  A swamp dragon (Lair:5)
  3 lindwurms (Lair:5)
  A deep elf pyromancer (D:12)
  The ghost of Eugor the Firebug, a novice DrFE of Vehumet (D:6)
  4 wolf spiders
  4 cyclopes
  A manticore (D:8)
  3 ugly things
  28 elephants
  2 moths of wrath
  3 black mambas
  10 torpor snails
  10 cane toads
  A gargoyle (D:12)
  Maggie (D:8)
  4 rime drakes
  3 unseen horrors
  10 komodo dragons
  3 meliai
  5 polar bears
  A troll (D:10)
  3 tyrant leeches (Lair:5)
  6 hornets (Lair:5)
  5 tarantellas
  11 dream sheep
  30 blink frogs
  10 culicivoras
  4 jumping spiders
  54 yaks
  3 spriggans (Lair:1)
  2 shadows
  7 wyverns
  2 wraiths (D:12)
  5 basilisks
  2 steam dragons
  Grum (D:8)
  A vampire (D:10)
  4 fire elementals (D:12)
  15 redbacks
  3 vampire mosquitoes (D:13)
  Menkaure (D:5)
  Edmund (D:4)
  3 acid dragons
  10 water moccasins
  3 hell hounds (D:12)
  Duvessa (D:6)
  5 orc warriors
  An ice beast (D:7)
  4 swamp drakes (Lair:5)
  10 black bears
  3 ogres
  21 wolves
  2 phantoms
  2 centaurs
  8 bullfrogs
  3 kobold brigands
  An elf zombie (Ossuary)
  3 gnoll sergeants
  2 scorpions
  6 wights
  Dowan (D:6)
  4 electric eels
  4 howler monkeys
  A centaur zombie (Ossuary)
  A human zombie (Ossuary)
  5 hounds
  5 jellies
  11 orc priests
  Natasha (thrice) (D:4 D:3)
  3 iguanas
  6 orc wizards
  3 hound zombies (Ossuary)
  4 mummies
  12 gnolls
  12 adders
  A river rat (D:5)
  2 white imps
  5 ufetubi
  4 adder zombies (Ossuary)
  37 orcs
  15 endoplasms
  6 giant cockroaches
  A gnoll zombie (Ossuary)
  6 goblins
  A hobgoblin (D:1)
  11 jackals
  5 quokkas
  6 ball pythons
  3 bats
  5 frilled lizards
  4 goblin zombies (Ossuary)
  2 hobgoblin zombies
  5 jackal zombies (Ossuary)
  16 kobolds
  8 kobold zombies
  2 orc zombies (Ossuary)
  3 quokka zombies (Ossuary)
  7 rats
  4 rat zombies (Ossuary)
643 creatures vanquished.

Vanquished Creatures (collateral kills)
  A boulder beetle (Spider:1)
  A meliai (Spider:1)
  A blink frog (D:10)
  2 jumping spiders (Spider:1)
  A culicivora (Spider:1)
  2 redbacks (Spider:1)
  2 orcs (D:3)
  A goblin (D:1)
11 creatures vanquished.

Vanquished Creatures (others)
  A demonic crawler (Spider:1)
  An orb spider (Spider:2)
  A culicivora (Spider:1)
  An orc (D:3)
  A kobold (D:8)
5 creatures vanquished.

Grand Total: 659 creatures vanquished

Notes
Turn   | Place    | Note
-------+----------+-------------------------------------------
     0 | D:1      | avis the Felid Artificer began the quest for the Orb.
     0 | D:1      | Reached XP level 1. HP: 9/9 MP: 2/2
   101 | D:1      | Reached skill level 1 in Unarmed Combat
   265 | D:1      | Reached XP level 2. HP: 13/13 MP: 3/3
   904 | D:1      | Reached XP level 3. HP: 16/16 MP: 4/4
  1396 | D:2      | Found a faded altar of an unknown god.
  1405 | D:2      | Identified the +4 ring mail "Toblac" {rF++}
  2028 | D:3      | Found Faepo's Magic Scroll Emporium.
  2034 | D:3      | Found Ruodwug's General Store.
  2047 | D:3      | Found Pyirat's Magic Scroll Boutique.
  2349 | D:3      | Reached XP level 4. HP: 20/20 MP: 5/5
  2370 | D:3      | Found Soevubreiwo's Magic Scroll Boutique.
  2373 | D:3      | Found Govoc's Antique Armour Shop.
  2718 | D:4      | Identified the ring "Xueh" {Fly rElec Str+6 Slay-3}
  2837 | D:4      | Found a sand-covered staircase.
  2847 | Ossuary  | Entered an ossuary
  3289 | Ossuary  | Reached XP level 5. HP: 24/24 MP: 6/6
  3477 | Ossuary  | Reached skill level 5 in Dodging
  3714 | Ossuary  | Gained mutation: You are covered in thick fur. (AC +2)
                  | [Felid growth]
  3714 | Ossuary  | Reached XP level 6. HP: 9/28 MP: 7/7
  4276 | D:4      | Noticed Edmund
  4557 | D:4      | Noticed Natasha
  4568 | D:4      | Killed Natasha
  4713 | D:4      | Killed from afar by an orc priest
  4714 | D:4      | Noticed Natasha
  4738 | D:4      | Killed Natasha
  4877 | D:4      | Reached XP level 7. HP: 32/32 MP: 8/8
  4978 | D:4      | Killed Edmund
  4979 | D:4      | Reached skill level 1 in Shapeshifting
  5271 | D:4      | Noticed Natasha
  5306 | D:3      | Killed Natasha
  5681 | D:5      | Entered Level 5 of the Dungeon
  5828 | D:5      | Reached XP level 8. HP: 36/36 MP: 9/9
  5874 | D:5      | Reached skill level 10 in Dodging
  6144 | D:5      | Noticed Menkaure
  6157 | D:5      | Killed Menkaure
  6443 | D:5      | Found a shimmering blue altar of Sif Muna.
  6457 | D:5      | Reached skill level 5 in Shapeshifting
  7053 | D:6      | Noticed Duvessa
  7053 | D:6      | Noticed Dowan
  7438 | D:5      | Reached XP level 9. HP: 12/39 MP: 10/10
  7782 | D:6      | Killed Duvessa
  7850 | D:6      | Killed Dowan
  7992 | D:6      | Found a runed translucent gate.
  7992 | D:6      | Found a runed translucent gate.
  7992 | D:6      | Found a runed translucent gate.
  7993 | D:6      | Noticed Eugor's ghost (novice DrFE)
  8100 | D:6      | Found a broken altar of Ashenzari.
  8106 | D:6      | Saw a vision of the Shoals and the Spider Nest.
  8106 | D:6      | Noticed an entropy weaver
  8106 | D:6      | Noticed a radroach
  8106 | D:6      | Noticed a pharaoh ant
  8106 | D:6      | Noticed a pharaoh ant
  8106 | D:6      | Noticed a demonic crawler
  8106 | D:6      | Noticed a pharaoh ant
  8106 | D:6      | Noticed a manticore
  8106 | D:6      | Noticed a merfolk impaler
  8106 | D:6      | Noticed a sea snake
  8106 | D:6      | Noticed a manticore
  8106 | D:6      | Noticed a harpy
  8106 | D:6      | Noticed a skyshark
  8106 | D:6      | Noticed a steelbarb worm
  8106 | D:6      | Noticed a ghost moth
  8106 | D:6      | Noticed a radroach
  8107 | D:6      | Noticed a demonic crawler
  8107 | D:6      | Noticed a merfolk
  8108 | D:6      | Noticed a manticore
  8108 | D:6      | Noticed a radroach
  8109 | D:6      | Noticed a wolf spider
  8142 | D:6      | Found a sparkling altar of Nemelex Xobeh.
  8143 | D:6      | Found a glowing golden altar of the Shining One.
  8144 | D:6      | Found a white marble altar of Elyvilon.
  8144 | D:6      | Found a stormy altar of Qazlal.
  8243 | D:6      | Found a staircase to the Ecumenical Temple.
  8248 | Temple   | Entered the Ecumenical Temple
  8259 | Temple   | Became a worshipper of Gozag Ym Sagoz the Greedy
  8783 | D:3      | Bought a scroll of noise for 10 gold pieces
  8783 | D:3      | Bought a scroll of identify for 20 gold pieces
  8815 | D:3      | Bought a scroll of identify for 22 gold pieces
  8815 | D:3      | Bought a scroll of identify for 22 gold pieces
  8847 | D:3      | Bought a scroll of fog for 40 gold pieces
  8847 | D:3      | Bought a scroll of immolation for 40 gold pieces
  8879 | D:3      | Bought a scroll of amnesia for 44 gold pieces
  8911 | D:3      | Bought a scroll of blinking for 75 gold pieces
  9037 | D:7      | Reached skill level 5 in Fighting
  9040 | D:7      | Found Jiwny's Mail-Order Catalogue.
  9192 | D:7      | Found a shadowy altar of Dithmenos.
 10009 | D:8      | Noticed Maggie
 10009 | D:8      | Noticed a manticore
 10027 | D:8      | Killed a manticore
 10028 | D:8      | Reached skill level 5 in Unarmed Combat
 10033 | D:8      | Killed Maggie
 10034 | D:8      | Reached XP level 10. HP: 24/47 MP: 11/11
 10246 | D:8      | Noticed Erica
 10253 | D:8      | Killed Erica
 10358 | D:8      | Noticed Grum
 10377 | D:8      | Slain by a wolf
 10506 | D:8      | Killed Grum
 10758 | D:3      | Bought a scroll of poison for 40 gold pieces
 10786 | D:3      | Bought a scroll of identify for 22 gold pieces
 10786 | D:3      | Bought a scroll of identify for 22 gold pieces
 11609 | D:9      | Found a staircase to the Orcish Mines.
 12680 | D:9      | Noticed a two-headed ogre
 12691 | D:9      | Killed a two-headed ogre
 12979 | D:3      | Bought a scroll of acquirement for 572 gold pieces
 12980 | D:3      | Acquired 506 gold pieces
 13151 | D:10     | Entered Level 10 of the Dungeon
 13160 | D:10     | Found Bulissid's Distillery.
 13189 | D:10     | Bought a potion of might for 60 gold pieces
 13189 | D:10     | Bought a potion of enlightenment for 75 gold pieces
 13389 | D:10     | Found a staircase to the Lair.
 13641 | D:10     | Reached XP level 11. HP: 44/51 MP: 12/12
 13690 | D:10     | Reached skill level 15 in Dodging
 13865 | D:10     | Bought a potion of heal wounds for 75 gold pieces
 13865 | D:10     | Bought 2 potions of curing for 90 gold pieces
 13983 | D:3      | Bought a scroll of teleportation for 33 gold pieces
 13983 | D:3      | Bought a scroll of teleportation for 33 gold pieces
 13993 | D:3      | Bought a scroll of blinking for 82 gold pieces
 13993 | D:3      | Bought a scroll of blinking for 82 gold pieces
 14420 | D:12     | Identified the "Rieciduk"
 14420 | Lair:1   | Entered Level 1 of the Lair of Beasts
 14954 | Lair:1   | Noticed a catoblepas
 15016 | Lair:1   | Killed a catoblepas
 15315 | Lair:1   | Reached skill level 10 in Fighting
 16429 | Lair:1   | Reached skill level 10 in Shapeshifting
 16578 | Lair:1   | Gained mutation: Your thick and shaggy fur keeps you warm.
                  | (AC +3, rC+) [Felid growth]
 16578 | Lair:1   | Reached XP level 12. HP: 48/58 MP: 13/13
 16873 | Lair:2   | Noticed a death yak
 16873 | Lair:2   | Noticed a death yak
 16890 | Lair:1   | Killed a death yak
 17551 | Lair:1   | Killed a death yak
 18692 | Lair:2   | Noticed Sonja
 18718 | Lair:2   | Killed Sonja
 19341 | Lair:2   | Found a staircase to the Shoals.
 20338 | Lair:2   | Reached XP level 13. HP: 30/61 MP: 14/14
 21693 | Lair:3   | Found a hole to the Spider Nest.
 22027 | Lair:4   | Found a viscous altar of Jiyva.
 22027 | Lair:4   | Found a staircase to the Slime Pits.
 22699 | Lair:3   | HP: 1/73 [elephant (11)]
 22700 | Lair:3   | Slain by a dream sheep
 22997 | Lair:3   | Slain by a komodo dragon
 23720 | Lair:4   | Reached skill level 15 in Shapeshifting
 24182 | Lair:1   | Bought a granite talisman for 840 gold pieces
 24221 | Lair:1   | Learned a level 3 spell: Summon Guardian Golem
 24275 | Lair:5   | Entered Level 5 of the Lair of Beasts
 24573 | Lair:5   | Noticed Rupert
 24573 | Lair:5   | Paralysed by Rupert for 4 turns
 24743 | Lair:5   | Paralysed by Rupert for 4 turns
 24760 | Lair:4   | Killed Rupert
 24932 | Lair:4   | Reached XP level 14. HP: 66/66 MP: 15/15
 24986 | Lair:4   | Reached skill level 1 in Hexes
 24986 | Lair:4   | Reached skill level 1 in Summonings
 24995 | Lair:4   | Reached skill level 1 in Spellcasting
 26703 | Lair:5   | Found a runed translucent door.
 27164 | D:10     | Bought a potion of haste for 150 gold pieces
 27164 | D:10     | Bought a potion of haste for 150 gold pieces
 27296 | D:3      | Bought a scroll of fog for 48 gold pieces
 27310 | D:3      | Bought a scroll of poison for 44 gold pieces
 27569 | D:6      | Killed Eugor's ghost
 27712 | D:11     | Found Esopsumn's Weapon Emporium.
 28382 | D:11     | Found Zibleazos's Elemental Accessories.
 28388 | D:11     | Bought a wand of iceblast (3) for 115 gold pieces
 28867 | D:12     | Noticed Azrael
 28883 | D:12     | Killed Azrael
 29015 | D:12     | Reached XP level 15. HP: 72/72 MP: 19/19
 29042 | D:12     | Acquired a manual of Summonings
 29049 | D:12     | Learned a level 4 spell: Summon Lightning Spire
 29767 | D:12     | Reached skill level 1 in Air Magic
 30001 | D:13     | Found a gate to the Vaults.
 30636 | D:13     | Learned a level 3 spell: Call Canine Familiar
 30816 | Lair:5   | Bought an Inescapable Atlas for 176 gold pieces
 30816 | Lair:5   | Bought the Almanac of Beguiling for 396 gold pieces
 30816 | Lair:5   | Bought a book of Changes for 198 gold pieces
 30816 | Lair:5   | Bought a book of Unlife for 396 gold pieces
 30819 | Lair:5   | Learned a level 2 spell: Blink
 30824 | Lair:5   | Learned a level 4 spell: Manifold Assault
 30979 | Spider:1 | Entered Level 1 of the Spider Nest
 31318 | Lair:3   | Learned a level 5 spell: Summon Mana Viper
 31474 | Spider:1 | Reached skill level 1 in Translocations
 31486 | Spider:1 | Reached skill level 5 in Summonings
 31624 | Spider:1 | Reached skill level 5 in Spellcasting
 31782 | Spider:1 | Killed from afar by a meliai
 32694 | Spider:2 | Noticed Mlioglotl
 32697 | Spider:2 | Reached skill level 5 in Translocations
 32715 | Spider:2 | Killed by an exploding themself... ignited by their inner
                  | flame

Illustrated notes

Levels and vault maps discovered:
D:1:      shiori_shiawase, layout_basic, minmay_fountain_box
D:2:      layout_basic, serial_bayou, serial_bayou_lagoon_b,
          serial_bayou_pond_b, serial_bayou_shore_b, serial_bayou_pond_a,
          nicolae_ecumenical_lake_church
D:3:      layout_rooms, serial_shops, shop, nicolae_diamond_shop,
          nicolae_shop_statue_plus, shop, shop, kennysheep_generic_room_9
D:4:      layout_gridville, nicolae_ossuary_entry_giza, uniq_natasha,
          uniq_edmund
D:5:      nicolae_cairo_tiling, layout_loops_ring, amcnicky_altar_gilded,
          portal_sewer_entry_e, uniq_menkaure
D:6:      layout_basic, grunt_ashenzari_visionary
          [grunt_ashenzari_visionary_shoals, grunt_ashenzari_visionary_spider],
          mainiacjoe_overflow_alcove_3, minmay_temple_entry_nine_rooms,
          gammafunk_ghost_split, uniq_duvessa
D:7:      layout_rooms, kennysheep_mini, monkooky_shop_mail_order
D:8:      layout_gridville, uniq_grum, uniq_maggie, uniq_erica
D:9:      nicolae_moon_pools, layout_stronghold, david_orc_5, serial_rivers,
          chequers_serial_rivers_micro_b, chequers_serial_rivers_micro_c,
          chequers_serial_rivers_marsh, chequers_serial_rivers_small_a,
          grunt_ogre_cave
D:10:     layout_big_octagon, lair_entry_dummy, serial_shops, shop,
          chequers_hall_statues_wall_a
D:11:     layout_loops_corners, serial_shops, nicolae_shop_bloodbath_and_beyond,
          nicolae_elemental_shop
D:12:     layout_basic, uniq_azrael
D:13:     layout_stronghold, erik_vaults_1
Temple:   hellmonk_temple_of_storms
Lair:1:   layout_chaotic_city, wad_woods_02, infiniplex_staircase_pool,
          lemuel_fruit_tree
Lair:2:   beast_lair_carwin_large_3, layout_gridlike, shoals_dummy_entry,
          chequers_serial_rivers_small_a, uniq_sonja
Lair:3:   layout_roguey, hellmonk_spider_entry_life_and_decay,
          grunt_megastairs_5
Lair:4:   layout_gridlike, nicolae_slime_entry_slimehenge, beast_lair_carwin_10
Lair:5:   wormcave, layout_concentric_octagons, guppyfry_lair_end_dragon,
          serial_bayou_shore_a, serial_bayou_shore_b, grunt_megastairs_3,
          uniq_rupert
Spider:1: layout_spider_delve
Spider:2: layout_cave_pods, nicolae_spider_not_touching_you,
          hangedman_spider_tarantella_strand, uniq_mlioglotl

Skill      XL: |  1  2  3  4  5  6  7  8  9 10 11 12 13 14 15 |
---------------+----------------------------------------------+-----
Unarmed Combat | 1 2 3 4 5 6 7 8 |  8.1
Fighting       | 2 3 4 7 8 10 12 | 12.0
Dodging        | 4 6 9 11 12 14 16 18 | 18.0
Shapeshifting  | 3 6 7 8 10 12 15 17 18 | 18.0
Stealth        | 2 |  2.0
Hexes          | 2 3 |  3.0
Summonings     | 2 7 |  7.1
Spellcasting   | 2 6 |  6.5
Air Magic      | 3 |  3.0
Translocations | 5 |  5.0
Evocations     | |  3.2

Action                     |  1- 3 |  4- 6 |  7- 9 | 10-12 | 13-15 || total
---------------------------+-------+-------+-------+-------+-------++-------
  Melee: Unarmed           |   151 |   306 |   402 |   925 |  1211 ||  2995
         Punch             |     4 |     9 |     9 |     1 |    58 ||    81
         Bite              |    10 |    36 |    52 |   147 |   164 ||   409
         Constrict         |       |       |       |       |    26 ||    26
   Cast: Manifold Assault  |       |       |       |       |    18 ||    18
         Summon Lightning  |       |       |       |       |    17 ||    17
         Summon Guardian G |       |       |       |       |    11 ||    11
         Summon Mana Viper |       |       |       |       |     7 ||     7
         Call Canine Famil |       |       |       |       |     3 ||     3
 Invoke: Call Merchant     |       |       |       |     1 |     1 ||     2
  Evoke: Wand              |     5 |    14 |    34 |    38 |     2 ||    93
         Condenser vane    |       |       |       |       |     1 ||     1
    Use: Scroll            |       |     4 |     7 |     6 |    12 ||    29
         Potion            |       |       |     9 |     8 |     6 ||    23
   Stab: Sleeping          |     8 |     1 |     2 |       |    11 ||    22
         Distracted        |       |       |     2 |     3 |    10 ||    15
         Paralysed         |       |       |       |     2 |       ||     2
         Confused          |       |       |       |       |     1 ||     1
 Armour: Skin              |    27 |    66 |   121 |   213 |   653 ||  1080
  Dodge: Dodged            |    88 |   153 |   368 |   904 |  2403 ||  3916
  Block: Other             |    16 |    40 |    85 |   218 |   179 ||   538
         Reflection        |       |       |     1 |     3 |     1 ||     5
   Form: Flux              |       |       |     1 |       |     1 ||     2
         Statue            |       |       |       |       |     1 ||     1
         Anaconda          |       |       |       |       |     1 ||     1

Table legend: (Time is in decaauts)
 A = Elapsed time spent in this place.
 B = Non-inter-level travel time spent in this place.
 C = Inter-level travel time spent in this place.
 D = Time resting spent in this place.
 E = Time spent auto-exploring this place.
 F = Levels seen in this place.
 G = Mean time per level.
                   A        B        C        D        E       F      G
               +--------+--------+--------+--------+--------+-----+--------+
         Total |  34532 |  29919 |   4613 |   9399 |   8583 |  22 | 1569.6 |
       Dungeon |  18104 |  15170 |   2934 |   4504 |   6242 |  13 | 1392.6 |
        Temple |     23 |      7 |     16 |      0 |      0 |   1 |   23.0 |
          Lair |  12951 |  11360 |   1591 |   4226 |   2341 |   5 | 2590.2 |
   Spider Nest |   2160 |   2088 |     72 |    205 |      0 |   2 | 1080.0 |
       Ossuary |   1292 |   1292 |      0 |    462 |      0 |   1 | 1292.0 |
               +--------+--------+--------+--------+--------+-----+--------+

Top non-repeatable levels by time:
  Lair:4: 2911 daAuts
  Lair:5: 2885 daAuts
  Lair:2: 2587 daAuts
  Lair:1: 2489 daAuts
    D:10: 2408 daAuts
  Lair:3: 2077 daAuts
     D:5: 1709 daAuts
    D:12: 1687 daAuts
    D:11: 1684 daAuts
     D:9: 1580 daAuts
     D:4: 1527 daAuts
     D:8: 1504 daAuts
Spider:1: 1346 daAuts
 Ossuary: 1292 daAuts
     D:6: 1253 daAuts
